Map: Ruins of Seras

Players

MCanning - Winner!

  • Race: Protoss Protoss
  • League: Grandmaster

swoozy

  • Race: Zerg Zerg
  • League: Master

VOD

http://www.twitch.tv/mcanning/v/33124982

Description

Time

  • Played on: Jan. 2, 2016, 3:11 a.m.
  • Length: 15:13
Show
View Real Time Build Order
Export as new Build Order

MCanning Protoss - Winner!

Build Orders: 1 Gate Expand 

Get SALT Encoding   

  12  0:01  Probe (Chrono Boost)  
  13  0:11  Probe (Chrono Boost)  
  14  0:19  Pylon  
  14  0:23  Probe (Chrono Boost)  
  15  0:37  Probe (Chrono Boost)  
  16  0:43  Gateway  
  16  0:48  Probe (Chrono Boost)  
  17  0:55  Assimilator  
  17  0:58  Probe (Chrono Boost)  
  18  1:09  Probe (Chrono Boost)  
  19  1:27  Nexus  
  19  1:28  Probe (Chrono Boost)  
  20  1:39  Cybernetics Core, Probe (Chrono Boost)  
  21  1:49  Probe (Chrono Boost), Assimilator  
  22  2:00  Probe (Chrono Boost)  
  23  2:02  Pylon  
  23  2:20  Probe (Chrono Boost), Zealot  
  26  2:24  Warp Gate  
  26  2:31  Mothership Core (Chrono Boost)  
  28  2:39  Probe (Chrono Boost)  
  29  2:49  Probe (Chrono Boost)  
  29  2:50  Gateway, Probe (Chrono Boost)  
  31  3:00  Probe (Chrono Boost)  
  31  3:01  Probe (Chrono Boost), Gateway  
  31  3:05  Pylon  
  33  3:10  Probe (Chrono Boost)  
  33  3:11  Probe (Chrono Boost)  
  35  3:21  Sentry, Probe (Chrono Boost)  
  35  3:22  Probe (Chrono Boost)  
  39  3:31  Probe (Chrono Boost)  
  39  3:32  Probe (Chrono Boost)  
  41  3:35  Gateway  
  41  3:42  Probe (Chrono Boost)  
  41  3:43  Probe (Chrono Boost), Pylon  
  41  3:46  Sentry  
  45  3:52  Probe (Chrono Boost)  
  45  3:53  Probe (Chrono Boost)  
  47  4:03  Probe (Chrono Boost)  
  47  4:04  Probe (Chrono Boost)  
  47  4:06  Assimilator  
  49  4:11  Assimilator  
  49  4:13  Probe (Chrono Boost)  
  49  4:14  Probe (Chrono Boost)  
  51  4:19  Robotics Facility  
  51  4:21  Pylon  
  52  4:24  Probe (Chrono Boost)  
  52  4:25  Probe (Chrono Boost)  
  53  4:34  Probe (Chrono Boost)  
  53  4:35  Probe (Chrono Boost)  
  54  4:42  Sentry x2  
  54  4:45  Probe (Chrono Boost)  
  59  4:46  Probe (Chrono Boost)  
  60  4:55  Probe (Chrono Boost), Nexus  
  60  4:56  Probe (Chrono Boost)  
  60  4:57  Pylon  
  62  5:05  Probe (Chrono Boost)  
  62  5:06  Forge  
  63  5:07  Probe (Chrono Boost)  
  63  5:08  Observer (Chrono Boost)  
  63  5:09  Twilight Council  
  65  5:15  Probe  
  65  5:19  Probe  
  67  5:25  Probe, Pylon  
  68  5:29  Pylon  
  68  5:31  Probe  
  68  5:32  Observer (Chrono Boost)  
  68  5:34  Robotics Bay  
  70  5:36  Probe, Blink  
  70  5:41  Protoss Ground Weapons Level 1 (Chrono Boost)  
  71  5:43  Probe  
  71  5:46  Probe  
  73  5:50  Dark Shrine  
  73  5:55  Probe  
  74  5:57  Probe, Gateway  
  74  5:58  Gateway  
  74  6:00  Gateway  
  74  6:07  Probe x2  
  76  6:14  Gateway  
  76  6:16  Gateway  
  76  6:18  Sentry, Probe, Gateway  
  78  6:19  Probe  
  80  6:28  Stalker  
  80  6:29  Stalker x2  
  86  6:33  Disruptor (Chrono Boost)  
  89  6:42  Stalker  
  89  6:47  Probe  
  91  6:50  Assimilator  
  91  6:52  Stalker x3, Assimilator  
  98  6:57  Stalker x2  
  98  6:58  Stalker, Probe  
  105  7:09  Disruptor (Chrono Boost)  
  108  7:20  Pylon x2  
  108  7:22  Pylon  
  108  7:23  Pylon  
  108  7:25  Pylon  
  108  7:26  Photon Cannon  
  108  7:40  Disruptor (Chrono Boost), Protoss Ground Weapons Level 2  
  111  7:46  Stalker x2  
  111  7:47  Stalker x6  
  111  7:50  Photon Cannon  
  127  7:52  Photon Cannon  
  127  8:11  Warp Prism (Chrono Boost)  
  127  8:12  Stalker x5  
  120  8:13  Stalker  
  124  8:33  Pylon  
  124  8:35  Stalker  
  124  8:36  Stalker x4  
  124  8:40  Dark Templar  
  136  8:42  Disruptor (Chrono Boost)  
  139  8:48  Zealot  
  141  8:56  Stalker x2  
  141  8:57  Stalker  
  147  9:05  Nexus  
  147  9:08  Pylon  
  147  9:15  Dark Templar  
  143  9:20  Zealot x4  
  143  9:21  Zealot x3  
  141  9:32  Stalker x2  
  134  9:41  Stalker x3  
  47  12:12  Dark Templar  
  49  12:51  Dark Templar  
Show
View Real Time Build Order
Export as new Build Order

swoozy Zerg 

Build Orders: Hatch First 

Get SALT Encoding   

  12  0:02  Drone  
  13  0:15  Overlord  
  13  0:19  Drone  
  14  0:33  Drone x2  
  16  0:50  Hatchery  
  16  0:53  Drone  
  16  1:02  Drone  
  16  1:03  Drone  
  18  1:09  Extractor  
  17  1:18  Spawning Pool  
  16  1:21  Drone  
  16  1:24  Drone  
  18  1:34  Drone  
  19  1:48  Overlord  
  19  2:04  Queen x2  
  19  2:05  Zergling x2  
  19  2:06  Zergling x2  
  19  2:08  Drone  
  26  2:12  Metabolic Boost  
  26  2:15  Drone  
  27  2:37  Drone  
  27  2:38  Hatchery  
  27  2:40  Drone  
  28  2:46  Queen  
  30  2:51  Overlord  
  30  2:55  Drone  
  30  2:57  Drone  
  32  2:59  Drone  
  32  3:02  Drone  
  32  3:05  Drone  
  35  3:06  Drone  
  35  3:10  Drone  
  36  3:16  Drone  
  36  3:17  Drone x2  
  38  3:20  Drone x2  
  38  3:23  Zergling x2  
  38  3:25  Zergling x2  
  42  3:29  Overlord  
  42  3:36  Drone  
  43  3:46  Roach Warren, Drone, Extractor  
  43  3:47  Drone x2  
  44  4:00  Drone x7  
  51  4:02  Overlord  
  51  4:19  Overlord  
  51  4:22  Drone x10  
  61  4:25  Lair  
  61  4:35  Zergling x6  
  62  4:42  Evolution Chamber  
  62  4:43  Evolution Chamber  
  62  4:45  Overlord  
  60  4:46  Hatchery  
  60  4:49  Drone  
  60  4:50  Drone x2  
  60  4:51  Drone x2  
  64  4:53  Drone x2  
  64  4:56  Extractor  
  65  5:05  Drone x2  
  65  5:06  Drone x2  
  65  5:07  Drone  
  70  5:09  Overlord, Extractor  
  69  5:16  Extractor  
  69  5:18  Drone x7, Extractor  
  74  5:22  Zerg Melee Weapons Level 1  
  74  5:23  Zerg Ground Armor Level 1  
  74  5:29  Glial Reconstitution  
  74  5:32  Drone  
  75  5:40  Overseer  
  75  5:44  Roach x2  
  75  5:45  Roach x4  
  75  5:47  Overlord  
  75  5:48  Overlord x4  
  87  5:51  Overseer  
  87  5:53  Roach  
  89  6:15  Spore Crawler, Drone  
  89  6:16  Spore Crawler  
  89  6:18  Hatchery, Roach x12  
  112  6:22  Overseer  
  111  6:31  Zergling x14  
  118  6:46  Infestation Pit  
  118  6:47  Overlord x2  
  117  6:54  Drone  
  117  6:55  Spire  
  117  6:57  Zergling x20  
  127  7:04  Overlord  
  127  7:06  Drone x5  
  132  7:12  Zergling x14  
  139  7:20  Overlord  
  139  7:21  Zerg Ground Armor Level 2, Zerg Melee Weapons Level 2  
  139  7:23  Hive  
  139  7:28  Drone  
  139  7:29  Drone x5  
  144  7:43  Zergling x28  
  158  7:50  Drone x3  
  161  7:53  Extractor x2  
  161  7:54  Spore Crawler, Spine Crawler  
  161  7:57  Overlord  
  138  8:06  Zergling x18  
  138  8:09  Zergling x8  
  138  8:10  Zergling x6  
  129  8:25  Mutalisk x3  
  129  8:26  Mutalisk x4  
  138  8:31  Overseer  
  137  8:48  Zergling x22  
  135  8:50  Adrenal Glands  
  135  8:54  Ultralisk Cavern  
  136  9:18  Roach  
  136  9:19  Roach x15  
  136  9:20  Hatchery  
  119  9:46  Ultralisk x2  
  119  9:47  Ultralisk  
  119  9:49  Ultralisk  
  124  9:56  Zergling x18  
  124  9:57  Zergling x2  
  133  10:02  Zergling x4  
  123  10:19  Overseer  
  123  10:20  Overseer  
  106  10:23  Zergling x12  
  106  10:24  Zergling x2  
  80  10:32  Zergling x4  
  67  10:41  Zergling x4  
  53  10:53  Zergling x6  
  46  11:23  Drone x3  
  51  11:29  Spine Crawler  
  51  11:30  Spine Crawler  
  47  11:37  Spine Crawler  
  46  11:51  Mutalisk x2  
  49  12:21  Spawning Pool  
  48  12:24  Hatchery  
  47  12:42  Hatchery  
  46  12:51  Drone x3  
  45  13:15  Spine Crawler x2  
  41  13:45  Spine Crawler  
  41  13:48  Spine Crawler  
  39  13:49  Spine Crawler  
  39  13:51  Spine Crawler  
  39  13:52  Spine Crawler  
  34  14:00  Spine Crawler  
  34  14:02  Drone x2  
  35  14:11  Spine Crawler  
  25  14:49  Zergling x2  
Tags
 
Add a new tag
Caveats
  • Supply blocks, unpowered buildings, or Contaminate may cause inaccurate times.
  • Supply counts are checked every 10 seconds.